 Dungeon Crawl Stone Soup version 0.29-a0-1061-gbc57f8fbdb (webtiles) character file.

Game seed: 13479601019322728766

943 Plasmagod the Grappler (level 7, -2/52 HPs)
             Began as a Yellow Draconian Transmuter on Aug 18, 2022.
             Was a Follower of Qazlal.
             Slain by Pikel
             ... wielding a +2 whip of electrocution
              (7 damage)
             ... on level 5 of the Dungeon.
             The game lasted 00:11:32 (5878 turns).

Plasmagod the Grappler (DrTm)                       Turns: 5878, Time: 00:11:33

Health: -2/52      AC:  6    Str: 16    XL:     7   Next: 88%
Magic:  9/10       EV: 12    Int: 22    God:    Qazlal [*.....]
Gold:   177        SH:  1    Dex: 11    Spells: 7/10 levels left

rFire   + . .      SeeInvis .     - Unarmed
rCold   + . .      Faith    .   (no shield)
rNeg    . . .      Spirit   .   (body armour unavailable)
rPois   .          Reflect  .   (helmet currently unavailable)
rElec   .          Harm     .   b - scarf {rC+ rF+}
rCorr   +          Rampage  .   (no gloves)
Will    .....                   (boots currently unavailable)
Stlth   +.........              (no amulet)
HPRegen 0.17/turn               q - ring "Gauce" {Str+4 Int+6}
MPRegen 0.12/turn               (no ring)

@: appendages
A: horns 2, talons 2, spit acid, AC +6, unfitting armour, cold-blooded, acid
resistance
a: Breathe Acid, End Transformation, Renounce Religion


You were on level 5 of the Dungeon.
You worshipped Qazlal.
Qazlal was aware of your devotion.
You had temporarily grown beastly horns and talons.
You visited 2 branches of the dungeon, and saw 7 of its levels.

You collected 262 gold pieces.
You spent 85 gold pieces at shops.

Inventory:

Armour
 b - a scarf of resistance (worn)
 k - a +0 hat
Jewellery
 n - a ring of flight
 q - the ring "Gauce" (left hand) {Str+4 Int+6}
   (You bought it in a shop on level 3 of the Dungeon)

   [ring of intelligence]

   Str:       It affects your strength (+4).
   Int:       It affects your intelligence (+6).
Wands
 r - a wand of flame (18)
Scrolls
 c - 2 scrolls of blinking
 d - 3 scrolls of teleportation
 e - 3 scrolls of poison
 g - a scroll of identify
 h - a scroll of fear
 j - 2 scrolls of immolation
 s - a scroll of amnesia
Potions
 a - 2 potions of lignification
 f - 3 potions of haste
 i - a potion of flight {unknown}
 m - 2 potions of attraction {unknown}
 o - 2 potions of mutation {unknown}
 p - 4 potions of degeneration {unknown}
 t - a potion of invisibility {unknown}


   Skills:
 - Level 1.1 Fighting
 - Level 1.7 Dodging
 + Level 9.6 Unarmed Combat
 - Level 2.0 Spellcasting
 - Level 2.0 Transmutations


You had 7 spell levels left.
You knew the following spells:

 Your Spells              Type           Power      Damage    Failure   Level
a - Beastly Appendage     Tmut           22%        N/A       6%          1
b - Wereblood             Tmut           11%        N/A       9%          2

Your spell library contained the following spells:

 Spells                   Type           Power      Damage    Failure   Level
 Shock                    Conj/Air       8%         1d3       14%         1
 Blink                    Tloc           4%         N/A       21%         2
 Spider Form              Tmut/Pois      6%         N/A       26%         3
 Swiftness                Air            2%         N/A       38%         3
 Ice Form                 Ice/Tmut       6%         N/A       65%         4
 Airstrike                Air            1%         2d(1-17)  80%         4
 Manifold Assault         Tloc           2%         N/A       98%         5
 Storm Form               Tmut/Air       3%         N/A       100%        7


Dungeon Overview and Level Annotations

Branches:
Dungeon (6/15)             Temple (1/1) D:4

Altars:
Cheibriados
Dithmenos
Elyvilon
Fedhas
Gozag
Hepliaklqana
Makhleb
Okawaru
Qazlal
Ru
Sif Muna
Trog
Uskayaw
Xom
Yredelemnul
Zin
The Shining One
Lugonu

Shops:
D:3 ?(*[?   D:4 *   D:5 ?

Annotations:
D:5 Pikel


Innate Abilities, Weirdness & Mutations

You have temporarily grown beastly horns and talons.
You can spit globs of acid.
Your golden yellow scales are hard. (AC +6)
You cannot fit into any form of body armour.
You are cold-blooded and may be slowed by cold attacks.
You are resistant to acid. (rCorr)


Message History

Done exploring.
Done exploring.
As you read the scroll labelled SUAKIMO GEOPABA, it crumbles to dust.
You feel momentarily disoriented.
It was a scroll of magic mapping.
Done exploring.
There is a stone staircase leading down here.
You climb downwards.
Pikel shouts!
The lemure shouts! x4
Found a scroll of enchant weapon and a scale mail.
There is a stone staircase leading up here.
Pikel drinks a potion.
Pikel seems to speed up.
You climb upwards.
There is a stone staircase leading down here.
You climb downwards.
Level annotation: Pikel The lemure hits you!
The lemure hits you but does no damage. Pikel completely misses you.
There is a stone staircase leading up here.
Pikel barely misses you. The lemure hits you but does no damage.
The lemure completely misses you.
You climb upwards.
There is a stone staircase leading down here.
You grow a pair of large bovine horns.
Your feet morph into talons.
Pikel closely misses you.
The lemure hits you. x2; Pikel closely misses you.
You completely miss Pikel. Your kick misses Pikel.
Your tail-slap misses Pikel.
Pikel hits you with a +2 whip of electrocution.
You are electrocuted!!
The lemure hits you!
* * * LOW HITPOINT WARNING * * *
The lemure is engulfed in freezing vapours.
The lemure barely misses you.
You hit Pikel. Your kick misses Pikel.
Pikel is lightly wounded.
Pikel hits you but does no damage. The lemure hits you!
* * * LOW HITPOINT WARNING * * *
The lemure is engulfed in freezing vapours.
The lemure hits you.
* * * LOW HITPOINT WARNING * * *
Pikel attacks as you move away!
Pikel hits you with a +2 whip of electrocution!
You die...

.#.##........# #.##.##.# ##.#.#..
.#.##.#.###### #.......# #.......
.)......# ###...### #.......
..###...## #...#####.......
..###....### #...............
...........# #####...#####.......
...#######.###...........#.......
...# #......5K...............
...# #.###..@5.......#.#.....
...# #.# #####...#####.#.....
##.# #.# #............... ...#
#.# #...#####.#..... #..#######.#
###...## #.#..... #..........#
#......# ##.#..... .......#####
#.##.#.# #........ #.######
#.##.#.###..####.. #.#
#.##....##........


You could see Pikel (fast) and 2 lemures.

Vanquished Creatures
  A black bear (D:5)
  An ogre (D:5)
  A phantom (D:5)
  6 scorpions
  A howler monkey (D:5)
  A hound (D:4)
  2 iguanas (D:5)
  2 orc wizards (D:5)
  Robin (D:2)
  3 adders
  4 gnolls (D:5)
  3 white imps (D:5)
  A worm (D:2)
  7 orcs
  11 endoplasms
  2 giant cockroaches (D:1)
  11 goblins
  7 hobgoblins
  4 jackals (D:4)
  3 quokkas
  5 ball pythons
  7 bats
  A frilled lizard (D:2)
  7 kobolds
  6 rats
98 creatures vanquished.

Vanquished Creatures (others)
  2 plants (D:3)
2 creatures vanquished.

Grand Total: 100 creatures vanquished

Notes
Turn   | Place    | Note
-------+----------+-------------------------------------------
     0 | D:1      | Plasmagod the Draconian Transmuter began the quest for the
                  | Orb.
     0 | D:1      | Reached XP level 1. HP: 16/16 MP: 3/3
   296 | D:1      | Reached XP level 2. HP: 21/23 MP: 5/5
   534 | D:1      | Reached skill level 4 in Unarmed Combat
   818 | D:2      | Reached XP level 3. HP: 20/28 MP: 4/6
   942 | D:2      | Noticed Robin
   951 | D:2      | Killed Robin
  1362 | D:2      | Identified the +1 rapier of Doom {holy, Str+4 Int+4}
  1455 | D:2      | Found a faded altar of an unknown god.
  2086 | D:3      | Found Reemm's Assorted Antiques.
  2128 | D:3      | Found Kolessa's Weapon Emporium.
  2290 | D:3      | Found Roaredd's Magic Scroll Shoppe.
  2352 | D:3      | Reached skill level 5 in Unarmed Combat
  2352 | D:3      | Reached XP level 4. HP: 35/35 MP: 5/7
  2368 | D:3      | Found a burning altar of Makhleb.
  2368 | D:3      | Noticed a cacodemon
  2372 | D:3      | Found a glowing silver altar of Zin.
  2372 | D:3      | Noticed an angel
  2509 | D:3      | Found Zaimmai's Armour Shoppe.
  3154 | D:3      | Found Dykoag's Magic Scroll Boutique.
  3428 | D:3      | Bought a shimmering wooden ring for 85 gold pieces
  3428 | D:3      | Identified the ring "Gauce" {Str+4 Int+6} (You bought it in
                  | a shop on level 3 of the Dungeon)
  3440 | D:4      | Found a staircase to the Ecumenical Temple.
  3440 | D:4      | Noticed a scorpion
  3448 | D:4      | Killed a scorpion
  3449 | D:4      | Reached XP level 5. HP: 26/40 MP: 6/8
  3657 | Temple   | Entered the Ecumenical Temple
  3846 | D:4      | Reached skill level 6 in Unarmed Combat
  4293 | D:4      | Identified the +3 robe of Fortification {+Inv rF+}
  4459 | D:4      | Reached skill level 7 in Unarmed Combat
  4459 | D:4      | Reached XP level 6. HP: 39/47 MP: 7/9
  4513 | D:4      | Found Miott's General Store.
  4783 | D:5      | Entered Level 5 of the Dungeon
  4788 | D:5      | Found a hazy altar of Hepliaklqana.
  4789 | D:5      | Found a shimmering blue altar of Sif Muna.
  4790 | D:5      | Found a blossoming altar of Fedhas.
  4790 | D:5      | Found a basalt altar of Yredelemnul.
  4790 | D:5      | Found a stormy altar of Qazlal.
  4790 | D:5      | Found a sacrificial altar of Ru.
  4791 | D:5      | Found a bloodstained altar of Trog.
  4791 | D:5      | Found a snail-covered altar of Cheibriados.
  4798 | D:5      | Became a worshipper of Qazlal Stormbringer
  4822 | D:5      | Found Upnot's Magic Scroll Shop.
  4891 | D:5      | Reached skill level 8 in Unarmed Combat
  4896 | D:5      | Your scales start taking on a golden yellow colour.
  4896 | D:5      | Reached XP level 7. HP: 26/52 MP: 10/10
  4896 | D:5      | Gained mutation: You are resistant to acid. (rCorr) [Yellow
                  | Draconian growth]
  5433 | D:5      | Reached skill level 9 in Unarmed Combat
  5564 | D:5      | Learned a level 2 spell: Wereblood
  5722 | D:5      | Reached * piety under Qazlal
  5866 | D:6      | Noticed Pikel
  5878 | D:5      | Slain by Pikel

Illustrated notes

Levels and vault maps discovered:
D:1:      minmay_arrival_doors, layout_rooms
D:2:      layout_loops_corners, serial_rivers, chequers_serial_rivers_micro_c,
          chequers_serial_rivers_small_3, chequers_serial_rivers_marsh,
          chequers_serial_rivers_micro_e, chequers_serial_rivers_micro_a,
          shapermc_ecumenical_altar_mp_vishouse, uniq_robin
D:3:      layout_basic, grunt_temple_overflow_order_and_chaos_2, serial_forest,
          infiniplex_forest_lined_1, infiniplex_forest_straight_1,
          infiniplex_forest_side_room, infiniplex_forest_clump_long,
          infiniplex_forest_lined_2, infiniplex_forest_straight_1,
          infiniplex_forest_3_way, serial_shops,
          nicolae_shop_bloodbath_and_beyond, nicolae_shop_hallway_stairs,
          nicolae_shop_advertising_works [nicolae_subvault_shop_adworks], shop,
          shop
D:4:      layout_basic, minmay_temple_entry_hall, serial_shops,
          nicolae_square_shop
D:5:      layout_loops_cross, grunt_temple_overflow_open, serial_shops,
          nicolae_lakefront_shop
D:6:      layout_cave_pods, mainiacjoe_overflow_24_doors,
          mainiacjoe_overflow_small_starburst, uniq_eustachio, uniq_pikel,
          uniq_blork_the_orc, uniq_prince_ribbit1, uniq_crazy_yiuf_cottage
Temple:   corrupted_temple

Skill      XL: |  1  2  3  4  5  6  7 |
---------------+----------------------+-----
Unarmed Combat | 4 5 7 8 9 |  9.6
Fighting       | |  1.1
Dodging        | |  1.7
Spellcasting   | |  2.0
Transmutations | |  2.0

Action                   |  1- 3 |  4- 6 |  7- 9 || total
-------------------------+-------+-------+-------++-------
Melee: Unarmed           |   111 |   121 |    53 ||   285
       Kick              |    22 |    20 |     8 ||    50
       Headbutt          |     9 |    16 |     9 ||    34
       Tailslap          |    13 |    12 |     6 ||    31
       Punch             |     3 |     1 |     4 ||     8
 Cast: Beastly Appendage |    22 |    22 |    10 ||    54
 Abil: Breathe Acid      |       |       |     2 ||     2
  Use: Scroll            |       |    10 |     1 ||    11
Armor: Skin              |    38 |    38 |    17 ||    93
Dodge: Dodged            |    72 |    70 |    27 ||   169

Table legend: (Time is in decaauts)
 A = Elapsed time spent in this place.
 B = Non-inter-level travel time spent in this place.
 C = Inter-level travel time spent in this place.
 D = Time resting spent in this place.
 E = Time spent auto-exploring this place.
 F = Levels seen in this place.
 G = Mean time per level.
                   A        B        C        D        E       F      G
               +--------+--------+--------+--------+--------+-----+--------+
         Total |   5852 |   5671 |    181 |      0 |   4948 |   7 |  836.0 |
       Dungeon |   5804 |   5623 |    181 |      0 |   4923 |   6 |  967.3 |
        Temple |     47 |     47 |      0 |      0 |     25 |   1 |   47.0 |
               +--------+--------+--------+--------+--------+-----+--------+

Top non-repeatable levels by time:
     D:3: 1362 daAuts
     D:2: 1312 daAuts
     D:4: 1296 daAuts
     D:5: 1076 daAuts
     D:1: 751 daAuts
  Temple: 47 daAuts
     D:6: 6 daAuts
